 Dungeon Crawl Stone Soup version 0.30-a0-122-g2a1322497e (webtiles) character file.

Game seed: 5224605983501875490

31129 blackman the Convoker (level 13, -10/52 HPs)
             Began as a Felid Summoner on Sept 16, 2022.
             Was an Initiate of Gozag.
             Mangled by a salamander
             ... wielding a +0 glaive
              (14 damage)
             ... on level 1 of the Snake Pit on Sept 17, 2022.
             The game lasted 01:40:16 (32533 turns).

blackman the Convoker (Felid Summoner)             Turns: 32533, Time: 01:40:17

Health: -10/52     AC:  3    Str:  4    XL:     13   Next: 24%
Magic:  19/29      EV: 24    Int: 21    God:    Gozag
Gold:   149        SH:  0    Dex: 17    Spells: 0/34 levels left
                                        Lives:  0   Deaths: 4

rFire   . . .      SeeInvis +    (weapon unavailable)
rCold   + . .      Faith    .    (shield unavailable)
rNeg    . . .      Spirit   .    (body armour unavailable)
rPois   +          Reflect  .    (helmet unavailable)
rElec   .          Harm     .    (cloak unavailable)
rCorr   .          Rampage  .    (gloves unavailable)
Will    +....                    (boots unavailable)
Stlth   +++.......               (no amulet)
HPRegen 0.17/turn                n - +4 ring of evasion
MPRegen 0.21/turn                x - ring of poison resistance

@: quick
A: very small, claws 1, fangs 3, see invisible, speed 1, shaggy fur 3, stealthy
paws, no weapons or thrown items, no armour, multi-lived
a: Renounce Religion, Potion Petition, Call Merchant, Bribe Branch


You were on level 1 of the Snake Pit.
You worshipped Gozag.
Gozag was aware of your devotion.
You visited 5 branches of the dungeon, and saw 18 of its levels.

You collected 4408 gold pieces.
You spent 3578 gold pieces at shops.
You paid 681 gold pieces to Gozag.

Inventory:

Missiles
 E - 7 curare-tipped darts
Jewellery
 n - a +4 ring of evasion (left paw)
 t - a ring of protection from cold
 x - a ring of poison resistance (right paw)
 F - a ring of fire
 H - a +6 ring of dexterity
 J - a ring of protection from fire
 K - an amulet of guardian spirit
 L - a ring of wizardry
 M - a +4 ring of evasion
 N - a ring of flight
Wands
 p - a wand of light (1)
 r - a wand of roots (12)
 y - a wand of charming (13)
 G - a wand of digging (5)
 I - a wand of polymorph (3)
Scrolls
 c - 8 scrolls of teleportation
 f - 5 scrolls of enchant armour
 g - 2 scrolls of fear
 i - 2 scrolls of noise
 l - 5 scrolls of magic mapping
 m - 3 scrolls of enchant weapon
 w - 4 scrolls of fog
 C - a scroll of vulnerability
Potions
 a - 4 potions of magic
 b - 3 potions of degeneration
 d - 2 potions of heal wounds
 e - 3 potions of brilliance
 h - 8 potions of flight
 k - a potion of berserk rage
 o - a potion of haste
 q - 2 potions of resistance
 s - 4 potions of attraction
 u - 3 potions of might {unknown}
 v - a potion of lignification {unknown}
 z - 2 potions of invisibility {unknown}
 A - 6 potions of curing
 B - a potion of mutation {unknown}
 D - a potion of ambrosia {unknown}


   Skills:
 - Level 4.0 Fighting
 - Level 6.1 Dodging
 - Level 6.5 Stealth
 * Level 11.3 Spellcasting
 - Level 11.0 Hexes
 * Level 17.6 Summonings
 - Level 6.6 Necromancy
 - Level 8.0 Air Magic


You couldn't memorise any spells.
You knew the following spells:

 Your Spells              Type           Power      Damage    Failure   Level
a - Summon Small Mammal   Summ           100%       N/A       0%          1
b - Call Imp              Summ           72%        N/A       0%          2
c - Call Canine Familiar  Summ           72%        N/A       0%          3
d - Summon Guardian Gole  Hex/Summ       64%        N/A       1%          3
e - Summon Lightning Spi  Summ/Air       60%        N/A       1%          4
f - Summon Mana Viper     Hex/Summ       64%        N/A       1%          5
g - Anguish               Hex/Necr       24%        N/A       1%          4
h - Monstrous Menagerie   Summ           36%        N/A       3%          7
i - Silence               Hex/Air        25%        N/A       3%          5

Your spell library contained the following spells:

 Spells                   Type           Power      Damage    Failure   Level
 Inner Flame              Hex/Fire       35%        N/A       1%          3
 Cause Fear               Hex            27%        N/A       1%          4
 Summon Ice Beast         Ice/Summ       48%        N/A       1%          4
 Summon Cactus Giant      Summ           36%        N/A       1%          6
 Beastly Appendage        Tmut           22%        N/A       5%          1
 Foxfire                  Conj/Fire      44%        2x1d6     5%          1
 Sting                    Tmut/Pois      44%        1d5       5%          1
 Kindle Blastsparks       Fire/Tloc/Air  46%        2d13      5%          3
 Mephitic Cloud           Conj/Pois/Air  23%        N/A       5%          3
 Blink                    Tloc           22%        N/A       9%          2
 Passwall                 Tmut/Erth      9%         N/A       9%          2
 Yara's Violent Unravell  Hex/Tmut       17%        3d8       16%         5
 Gell's Gravitas          Tloc           11%        N/A       17%         3
 Lesser Beckoning         Tloc           11%        N/A       17%         3
 Spider Form              Tmut/Pois      11%        N/A       17%         3
 Teleport Other           Tloc           11%        N/A       17%         3
 Summon Horrible Things   Summ           36%        N/A       26%         8
 Freezing Cloud           Conj/Ice/Air   11%        6-21      45%         5
 Flame Wave               Conj/Fire      11%        2d6       50%         4
 Hailstorm                Conj/Ice       11%        3d5       50%         4
 Ice Form                 Ice/Tmut       11%        N/A       50%         4
 Manifold Assault         Tloc           11%        N/A       50%         4
 Alistair's Intoxication  Tmut/Pois      7%         N/A       83%         5
 Disjunction              Tloc           5%         N/A       100%        8
 Fire Storm               Conj/Fire      5%         8d2       100%        9
 Portal Projectile        Hex/Tloc       Unusable   N/A       N/A         3

Dungeon Overview and Level Annotations

Branches:
Dungeon (9/15)             Temple (1/1) D:7            Lair (5/5) D:8
  Swamp (1/4) Lair:2        Snake (2/4) Lair:3        Slime (0/5) Lair:4
    Orc: D:9-12

Altars:
Ashenzari
Cheibriados
Dithmenos
Elyvilon
Fedhas
Gozag
Hepliaklqana
Kikubaaqudgha
Makhleb
Okawaru
Qazlal
Ru
Sif Muna
Trog
Uskayaw
Vehumet
Wu Jian
Xom
Yredelemnul
Zin
The Shining One
Jiyva

Shops:
D:3 ?   D:4 :   D:7 (

Annotations:
Snake:1 3 runed translucent doors, Weirdisaac's ghost, adept MiFi


Innate Abilities, Weirdness & Mutations

You have sharp claws.
You have razor-sharp teeth.
You have supernaturally acute eyesight. (SInv)
You cover ground quickly. (Speed+)
Your thick and shaggy fur keeps you warm. (AC +3, rC+)
Your paws help you pounce on unaware monsters.
You are incapable of wielding weapons or throwing items.
You cannot wear armour.
You gain extra lives every three experience levels.


Message History

Weirdisaac's ghost screams, "I was like you once."
There is a stone staircase leading down here.
You climb downwards.
The mana viper hisses angrily.
The salamander hits you with a +0 glaive!
You are engulfed in flames!
The naga shouts!
Found 14 gold pieces and a potion of heal wounds.
Found a stone staircase leading up.
There is a stone staircase leading up, spattered with blood here.
The naga mage shouts!
The naga shouts!
The mana viper bites you but does no damage.
The naga mage casts a spell at the naga.
The naga seems to grow toxic.
The naga completely misses you. The salamander closely misses you.
You climb upwards.
Level annotation: 3 runed translucent doors, Weirdisaac's ghost, adept MiFi
There is a stone staircase leading down here.
The mana viper attacks as you move away!
The mana viper bites you!
You feel your power leaking away. The salamander closely misses you.
Casting: Monstrous Menagerie (quite dangerous; 3% risk of failure)
Confirm with . or Enter, or press ? or * to list all spells.
Casting: Anguish (dangerous; 1% risk of failure)
Press: ? - help, Dir - look around, f - activate
Okay, then.
Unknown command.
Aiming: Fastroot
Press: ? - help, Shift-Dir - straight line The roots erupt in riotous growth!
Roots grab the mana viper.
Roots grab the salamander.
The grasping roots constrict the mana viper.
The grasping roots constrict the salamander.
The mana viper completely misses you. x2
The salamander hits you from afar with a +0 glaive!!
* * * LOW HITPOINT WARNING * * *
You are engulfed in flames!
You die...
Your body crumbles into a pile of gold.

##....................##
#.....HS...............##
.....$.........)..)...).##
.......#.................##
.......###................##
.......#####...............##
........###.................##
#............................##
#...............@.............###
................S>N.............#
.#...##..........................
###..##..###............####.....
#.#..##..#####.....###...#####...
.....##.....##.....###....######.
....................##.......####
....................###........##
.........######......#######....#


You could see a salamander (rooted) and a mana viper (rooted).

Vanquished Creatures
  A black mamba (Lair:4)
  A water moccasin (Lair:3)
  A ball python (D:3)
  3 endoplasms
  2 giant cockroaches
  2 goblins
  4 hobgoblins
  2 kobolds
  3 quokkas
  A bat (D:1)
  3 rats
23 creatures vanquished.

Vanquished Creatures (collateral kills)
  Frances (Snake:1)
  2 hydras
  2 catoblepae
  2 anacondas (Snake:1)
  4 death yaks (Lair:4)
  A naga warrior (Snake:1)
  A shock serpent (Snake:1)
  A naga sharpshooter (Snake:2)
  Amaemon (Lair:3)
  3 mana vipers (Snake:1)
  14 elephants
  An oklob plant (Lair:4)
  A salamander (Snake:1)
  10 black mambas
  3 naga magi (Snake:1)
  An orange demon (Lair:3)
  9 cane toads
  4 rime drakes
  8 komodo dragons
  A troll (D:9)
  4 hornets
  6 polar bears
  2 nameless horrors (Snake:1)
  9 dream sheep
  3 blink frogs (Lair:3)
  11 spriggans (Lair:5)
  27 yaks
  2 wyverns
  2 basilisks
  A steam dragon (Lair:3)
  Menkaure (D:4)
  4 nagas (Snake:1)
  2 wargs (D:8)
  14 water moccasins
  An orc warrior (D:9)
  A sky beast (D:7)
  8 black bears
  57 wolves
  4 boggarts (Lair:5)
  A lemure (D:9)
  A phantom (D:6)
  A kobold brigand (D:9)
  A gnoll sergeant (D:9)
  11 bullfrogs
  A necrophage (D:7)
  2 scorpions
  6 killer bees
  An electric eel (Lair:2)
  2 howler monkeys
  2 gnoll boudas
  2 jellies
  An orc priest (D:8)
  5 hounds
  2 iguanas
  Natasha (thrice) (D:4)
  5 orc wizards
  9 hell rats (Lair:5)
  Robin (D:4)
  9 gnolls (D:9)
  7 adders
  2 white imps
  A dart slug (D:4)
  34 orcs
  4 ball pythons
  3 endoplasms
  2 giant cockroaches
  7 hobgoblins
  4 quokkas
  A bat (D:3)
  3 frilled lizards
  12 goblins
  11 kobolds
  7 rats
  A butterfly (Lair:5)
394 creatures vanquished.

Vanquished Creatures (others)
  A hydra (Lair:3)
  An anaconda (Snake:1)
  A boulder beetle (Lair:5)
  2 death yaks (Lair:4)
  Pikel (D:9)
  5 elephants
  A black mamba (Snake:1)
  A naga mage (Snake:1)
  Maggie (D:6)
  A troll (D:9)
  A hornet (Lair:5)
  A dream sheep (Lair:1)
  2 spriggans
  15 yaks
  A wyvern (D:9)
  A warg (D:8)
  A water moccasin (D:5)
  A black bear (D:5)
  3 ogres
  9 wolves
  2 kobold brigands (D:7)
  A bullfrog (D:6)
  A necrophage (D:6)
  5 wights (D:7)
  2 killer bees (D:7)
  An electric eel (Lair:3)
  A gnoll bouda (D:9)
  3 jellies (D:6)
  A hell rat (Lair:5)
  5 gnolls (D:9)
  A shadow imp (D:6)
  2 kobolds (D:7)
  A butterfly (D:7)
  44 fungi
  68 plants
188 creatures vanquished.

Grand Total: 605 creatures vanquished

Notes
Turn   | Place    | Note
-------+----------+-------------------------------------------
     0 | D:1      | blackman the Felid Summoner began the quest for the Orb.
     0 | D:1      | Reached XP level 1. HP: 7/7 MP: 4/4
   263 | D:1      | You fall into a shaft and drop 1 floor!
   475 | D:1      | Reached XP level 2. HP: 10/11 MP: 1/6
   814 | D:1      | Learned a level 2 spell: Call Imp
  1037 | D:2      | Reached skill level 5 in Summonings
  1037 | D:2      | Reached XP level 3. HP: 14/14 MP: 3/7
  1759 | D:2      | Found a faded altar of an unknown god.
  2166 | D:2      | Reached XP level 4. HP: 14/18 MP: 2/8
  2296 | D:2      | Learned a level 3 spell: Call Canine Familiar
  3373 | D:3      | Reached skill level 6 in Summonings
  3869 | D:3      | Found Paujuv's Magic Scroll Boutique.
  3877 | D:3      | Bought a scroll of teleportation for 36 gold pieces
  4153 | D:3      | Found a glowing silver altar of Zin.
  4296 | D:3      | Found a blossoming altar of Fedhas.
  4400 | D:3      | Found a broken altar of Ashenzari.
  4591 | D:4      | Noticed Natasha
  4621 | D:4      | Slain by Natasha
  4622 | D:4      | Reached XP level 3. HP: -1/14 MP: 1/7
  4626 | D:4      | Noticed Menkaure
  4635 | D:4      | Killed Menkaure
  4636 | D:4      | Reached skill level 7 in Summonings
  4636 | D:4      | Reached XP level 4. HP: 10/18 MP: 2/8
  4636 | D:4      | Reached XP level 5. HP: 12/21 MP: 2/9
  4651 | D:4      | Killed Natasha
  4843 | D:4      | Noticed Robin
  5079 | D:4      | Noticed Natasha
  5389 | D:4      | Killed Natasha
  5549 | D:4      | Killed Robin
  5550 | D:4      | Gained mutation: You are covered in thick fur. (AC +2)
                  | [Felid growth]
  5550 | D:4      | Reached XP level 6. HP: 24/24 MP: 7/10
  5573 | D:4      | Noticed Natasha
  5583 | D:4      | Killed Natasha
  5767 | D:4      | Reached skill level 8 in Summonings
  6100 | D:4      | Identified the +3 dagger of Infinity {speed, Str+3}
  6110 | D:4      | Found Ahueq's Tremendous Tomes.
  6336 | D:5      | Entered Level 5 of the Dungeon
  6348 | D:5      | Learned a level 3 spell: Summon Guardian Golem
  6574 | D:5      | Reached skill level 9 in Summonings
  6574 | D:5      | Reached XP level 7. HP: 27/27 MP: 6/11
  7622 | D:6      | Noticed Maggie
  7629 | D:6      | Reached skill level 10 in Summonings
  7636 | D:6      | Killed Maggie
  7637 | D:6      | Reached XP level 8. HP: 31/31 MP: 3/12
  7750 | D:6      | Found a glowing golden altar of the Shining One.
  7840 | D:6      | Reached skill level 11 in Summonings
  8332 | D:6      | Reached skill level 12 in Summonings
  8702 | D:7      | Reached XP level 9. HP: 34/34 MP: 13/15
  8836 | D:7      | Found Merrippa's Weapon Emporium.
  8920 | D:7      | Found a bloodstained altar of Trog.
  8945 | D:7      | Reached skill level 5 in Spellcasting
  9366 | D:7      | Engulfed by their own flame
  9367 | D:7      | Reached XP level 8. HP: -2/31 MP: 15/18
  9367 | D:7      | Found a shimmering blue altar of Sif Muna.
  9383 | D:7      | Found a flagged portal.
 10081 | D:7      | Found a staircase to the Ecumenical Temple.
 10094 | Temple   | Entered the Ecumenical Temple
 10431 | Temple   | Became a worshipper of Gozag Ym Sagoz the Greedy
 10878 | D:8      | Found a staircase to the Lair.
 10911 | D:8      | Reached XP level 9. HP: 26/34 MP: 15/21
 11549 | D:8      | Reached skill level 1 in Hexes
 11600 | D:8      | Learned a level 4 spell: Summon Lightning Spire
 11606 | D:8      | Learned a level 5 spell: Summon Mana Viper
 11857 | D:9      | Found a stormy altar of Qazlal.
 11861 | D:9      | Reached skill level 1 in Air Magic
 12257 | D:9      | Found a white marble altar of Elyvilon.
 12264 | D:9      | Found a snail-covered altar of Cheibriados.
 12459 | D:9      | Noticed a troll
 12466 | D:9      | Killed a troll
 12533 | D:9      | Reached skill level 5 in Hexes
 12678 | D:9      | Noticed Pikel
 12691 | D:9      | Killed Pikel
 12692 | D:9      | Reached XP level 10. HP: 37/37 MP: 15/23
 13701 | D:9      | Reached skill level 5 in Air Magic
 13955 | D:4      | Bought the Anthology of Rank Interference for 792 gold
                  | pieces
 14077 | Lair:1   | Entered Level 1 of the Lair of Beasts
 14089 | Lair:1   | Reached skill level 1 in Necromancy
 14104 | Lair:1   | Noticed a black mamba
 14114 | Lair:1   | Killed a black mamba
 14201 | Lair:1   | You fall into a shaft and drop 1 floor!
 14307 | Lair:1   | Noticed a cane toad
 14324 | Lair:1   | Killed a cane toad
 14657 | Lair:1   | Reached XP level 11. HP: 40/40 MP: 9/24
 14822 | Lair:1   | Learned a level 4 spell: Anguish
 14892 | Lair:1   | Reached skill level 10 in Hexes
 16042 | Lair:1   | Reached skill level 5 in Necromancy
 16278 | Lair:2   | Found a staircase to the Swamp.
 16427 | Lair:2   | Noticed an eight-headed hydra
 16436 | Lair:2   | Killed an eight-headed hydra
 16618 | Lair:2   | Reached skill level 1 in Fighting
 17604 | Lair:3   | Noticed a four-headed hydra
 17770 | Lair:3   | HP: 1/44 [something/ball of steam (12)]
 17781 | Lair:3   | Reached skill level 5 in Stealth
 18299 | Lair:3   | Noticed Amaemon
 18315 | Lair:3   | Killed Amaemon
 18316 | Lair:3   | Reached skill level 5 in Dodging
 18320 | Lair:3   | Killed from afar by an electric eel
 18321 | Lair:3   | Reached XP level 10. HP: -4/42 MP: 13/23
 18360 | Lair:3   | Noticed a cane toad
 18369 | Lair:3   | Killed a cane toad
 18370 | Lair:3   | Reached XP level 11. HP: 45/45 MP: 12/24
 18492 | Lair:3   | Killed a four-headed hydra
 18976 | Lair:3   | Noticed a catoblepas
 19015 | Lair:3   | Noticed a spriggan rider
 19618 | Swamp:1  | Entered Level 1 of the Swamp
 19618 | Swamp:1  | Noticed a spriggan rider
 19618 | Swamp:1  | Noticed a spriggan rider
 19618 | Swamp:1  | Noticed a spriggan rider
 20299 | Lair:3   | Found a staircase to the Snake Pit.
 21186 | Lair:3   | Killed a catoblepas
 21493 | Lair:3   | Reached skill level 10 in Spellcasting
 21618 | Lair:3   | Gained mutation: Your thick and shaggy fur keeps you warm.
                  | (AC +3, rC+) [Felid growth]
 21618 | Lair:3   | Reached XP level 12. HP: 15/49 MP: 18/27
 22440 | Lair:3   | Learned a level 7 spell: Monstrous Menagerie
 23533 | Lair:4   | Reached skill level 13 in Summonings
 23758 | Lair:4   | Noticed a death yak
 23758 | Lair:4   | Noticed a death yak
 23760 | Lair:4   | Noticed a death yak
 23798 | Lair:4   | Killed a death yak
 24056 | Lair:4   | Noticed a death yak
 24057 | Lair:4   | Noticed a death yak
 24067 | Lair:4   | Killed a death yak
 24068 | Lair:4   | Noticed a death yak
 24072 | Lair:4   | Killed a death yak
 24074 | Lair:4   | Killed a death yak
 24082 | Lair:4   | Killed a death yak
 24084 | Lair:4   | Killed a death yak
 24085 | Lair:4   | Reached skill level 14 in Summonings
 24309 | Lair:4   | Found a viscous altar of Jiyva.
 24310 | Lair:4   | Found a staircase to the Slime Pits.
 24433 | Lair:4   | Identified the +0 leather armour of Dithmenos's Fury
                  | {Slay+6}
 25306 | D:4      | Bought the Directory of Transforming Conflagration for 902
                  | gold pieces
 25522 | Lair:5   | Entered Level 5 of the Lair of Beasts
 25540 | Lair:5   | Reached XP level 13. HP: 52/52 MP: 18/28
 25785 | Lair:5   | Reached skill level 15 in Summonings
 27469 | Lair:5   | Reached skill level 16 in Summonings
 28985 | Lair:5   | Identified the +5 whip of Doom {vorpal, rCorr}
 29346 | D:4      | Bought Kuroneq's Monograph on the Assassin and Direction
                  | for 814 gold pieces
 29346 | D:4      | Bought the Treatise on the Summoned Impact for 1034 gold
                  | pieces
 29509 | Snake:1  | Entered Level 1 of the Snake Pit
 29965 | Snake:1  | Reached skill level 17 in Summonings
 30162 | Snake:1  | Noticed Frances
 30847 | Snake:1  | Learned a level 5 spell: Silence
 31038 | Snake:1  | Killed Frances
 31039 | Snake:1  | Reached XP level 14. HP: 57/57 MP: 9/30
 31438 | Snake:1  | Killed from afar by a shock serpent
 31439 | Snake:1  | Reached XP level 13. HP: 0/52 MP: 9/29
 32108 | Snake:1  | Found a runed translucent gate.
 32108 | Snake:1  | Found a runed translucent gate.
 32108 | Snake:1  | Found a runed translucent gate.
 32125 | Snake:1  | Found the +8 mithril axe "Arga" {speed, Will+}
 32126 | Snake:1  | Noticed Weirdisaac's ghost (adept MiFi)
 32533 | Snake:1  | Mangled by a salamander

Illustrated notes

Levels and vault maps discovered:
D:1:      dpeg_arrival_shelter, layout_basic
D:2:      layout_loops_cross, basic_ecumenical_altar
D:3:      layout_basic, mainiacjoe_overflow_alcove_2, marbit_many_paths,
          fedhas_altar_3, serial_shops, nicolae_shop_hallway_plus
D:4:      layout_cave_pools, roderic_lattice_a, minmay_splitting_lines,
          skrybe_limestone_x, nicolae_shop_i_like_big_books, uniq_natasha,
          uniq_menkaure, uniq_robin
D:5:      layout_loops_ring
D:6:      layout_basic, tso_altar, uniq_maggie
D:7:      layout_basic, nicolae_sif_muna_little_library, trog_antimagical,
          minmay_temple_entry_butterflies, enter_bailey_8, serial_shops,
          nicolae_shop_bloodbath_and_beyond
D:8:      layout_basic, erik_lair_orcish_takeover
D:9:      layout_roguey [special_room_orc], nicolae_qazlal_general_emergency,
          mainiacjoe_overflow_large_starburst, grunt_ministairs_8, uniq_pikel
Temple:   minmay_temple_forest_path
Lair:1:   layout_misc_corridors, nicolae_lair_grove_arrangements,
          chequers_serial_rivers_marsh, dreamdust_gnoll_shepherd,
          serial_bayou_shore_b, lemuel_fruit_tree
Lair:2:   layout_long_grid, swamp_mist_pool
Lair:3:   layout_concentric_octagons, dummy_snake_entry,
          grunt_forest_large_clearings, serial_bayou_shore_a,
          lemuel_fruit_fields, uniq_amaemon
Lair:4:   layout_long_grid, dpeg_slime_entry_corner, bh_autumn_forest_stairs,
          grunt_forest_small_clearings
Lair:5:   minmay_lair_end_enchanted_forest, layout_regular_city,
          nicolae_volcano_entry_hallway, nzn_sisyphean_effort,
          lemuel_fruit_fields, grunt_megastairs_2
Swamp:1:  layout_basic_swamp, evilmike_swamp_ruin_house_4, swamp_pool4,
          beargit_elvish_explorers, uniq_aizul, uniq_jorgrun, uniq_nikola,
          uniq_donald
Snake:1:  layout_onion, gammafunk_ghost_necromancy, uniq_frances
Snake:2:  layout_onion, grunt_ministairs_13, nicolae_shop_gadgets,
          uniq_asterion, uniq_louise, uniq_vashnia

Skill      XL: |  1  2  3  4  5  6  7  8  9 10 11 12 13 |
---------------+----------------------------------------+-----
Summonings     | 5 7 6 9 10 12 14 17 | 17.6
Spellcasting   | 7 8 10 11 | 11.3
Hexes          | 7 9 11 | 11.0
Air Magic      | 4 6 8 |  8.0
Necromancy     | 3 6 |  6.6
Dodging        | 6 |  6.1
Stealth        | 6 |  6.5
Fighting       | 4 |  4.0

Action                   |  1- 3 |  4- 6 |  7- 9 | 10-12 | 13-15 || total
-------------------------+-------+-------+-------+-------+-------++-------
Melee: Unarmed           |    49 |    51 |    17 |    28 |    26 ||   171
       Bite              |     4 |     4 |     2 |     4 |     4 ||    18
       Punch             |       |       |       |     1 |       ||     1
 Cast: Summon Small Mamm |    51 |    34 |    11 |     3 |     9 ||   108
       Call Imp          |    10 |    17 |     3 |       |       ||    30
       Call Canine Famil |     1 |    22 |    32 |    20 |     3 ||    78
       Summon Guardian G |       |     3 |    54 |    19 |     6 ||    82
       Summon Mana Viper |       |       |       |    89 |    41 ||   130
       Summon Lightning  |       |       |       |    78 |    31 ||   109
       Anguish           |       |       |       |    24 |    14 ||    38
       Monstrous Menager |       |       |       |     1 |    35 ||    36
       Silence           |       |       |       |       |     2 ||     2
Invok: Potion Petition   |       |       |       |       |     1 ||     1
Evoke: Wand              |       |       |       |     2 |     1 ||     3
  Use: Potion            |     1 |     1 |       |     2 |     2 ||     6
       Scroll            |       |     3 |     1 |       |    10 ||    14
 Stab: Sleeping          |     2 |     2 |       |       |       ||     4
       Distracted        |       |       |     1 |     1 |       ||     2
Armor: Skin              |     1 |     4 |     6 |     7 |     4 ||    22
Dodge: Dodged            |    52 |    60 |    40 |   155 |   154 ||   461

Table legend: (Time is in decaauts)
 A = Elapsed time spent in this place.
 B = Non-inter-level travel time spent in this place.
 C = Inter-level travel time spent in this place.
 D = Time resting spent in this place.
 E = Time spent auto-exploring this place.
 F = Levels seen in this place.
 G = Mean time per level.
                   A        B        C        D        E       F      G
               +--------+--------+--------+--------+--------+-----+--------+
         Total |  30030 |  28330 |   1700 |   8278 |  15310 |  18 | 1668.3 |
       Dungeon |  12822 |  11789 |   1033 |   2869 |   6600 |   9 | 1424.7 |
        Temple |    317 |    242 |     75 |      0 |    230 |   1 |  317.0 |
          Lair |  14304 |  13754 |    550 |   3977 |   7697 |   5 | 2860.8 |
         Swamp |      1 |      1 |      0 |      0 |      0 |   1 |    1.0 |
     Snake Pit |   2585 |   2544 |     41 |   1431 |    783 |   2 | 1292.5 |
               +--------+--------+--------+--------+--------+-----+--------+

Top non-repeatable levels by time:
  Lair:3: 4608 daAuts
  Lair:5: 3206 daAuts
 Snake:1: 2533 daAuts
  Lair:1: 2480 daAuts
  Lair:4: 2150 daAuts
     D:2: 2036 daAuts
  Lair:2: 1858 daAuts
     D:8: 1844 daAuts
     D:3: 1705 daAuts
     D:7: 1631 daAuts
     D:4: 1416 daAuts
     D:6: 1410 daAuts
     D:9: 1191 daAuts
     D:1: 851 daAuts
     D:5: 733 daAuts
